 Dungeon Crawl Stone Soup version 0.20.0-15-g7f486f2 (webtiles) character file.

8813 Chiseanne the Destroyer (level 11, -1/102 HPs)
             Began as a Demonspawn Wizard on June 14, 2017.
             Was a Believer of Vehumet.
             Slain by a killer bee (4 damage)
             ... on level 8 of the Dungeon.
             The game lasted 00:30:29 (13320 turns).

Chiseanne the Destroyer (Demonspawn Wizard)        Turns: 13320, Time: 00:30:30

Health: -1/102     AC: 25    Str: 12    XL:     11   Next: 14%
Magic:  0/26       EV:  2    Int: 29    God:    Vehumet [**....]
Gold:   350        SH:  0    Dex: 12    Spells: 13/33 levels left

rFire    + . .     SeeInvis .   a - +1 flail "Farean" {crush, rF+ Int+4} (curse)
rCold    . . .     Gourm    .   (no shield)
rNeg     + + +     Faith    .   (armour currently unavailable)
rPois    +         Spirit   .   (helmet currently unavailable)
rElec    .         Reflect  .   (cloak currently unavailable)
rCorr    .         Harm     .   (gloves unavailable)
MR       .....     NoTele   +   (boots currently unavailable)
Stlth    ++........             (no amulet)
Regen    0.3/turn               i - +2 ring of intelligence
MPRegen  0.2/turn               u - ring of positive energy

@: mighty, lethally poisoned (-1 -> -1), tree-form
A: powered by death 1, powered by pain 1
a: Renounce Religion


You were on level 8 of the Dungeon.
You worshipped Vehumet.
Vehumet was pleased with you.
You were not hungry.
You were a tree.
You visited 2 branches of the dungeon, and saw 9 of its levels.

You collected 440 gold pieces.
You spent 90 gold pieces at shops.

Inventory:

Hand Weapons
 a - the cursed +1 flail "Farean" (weapon) {crush, rF+ Int+4}
   (You found it on level 6 of the Dungeon)

   It inflicts extra damage upon your enemies.
   It affects your intelligence (+4).
   It protects you from fire.
   It has a curse placed upon it.
Missiles
 c - 15 tomahawks (quivered)
 h - 145 arrows
 l - 41 sling bullets
 m - 158 bolts
Armour
 g - a +0 shield
 s - a +1 hat (melded)
 D - a +2 robe of positive energy
 H - a +1 robe of the Archmagi (melded)
Jewellery
 i - a +2 ring of intelligence (left branch)
 u - a ring of positive energy (right branch)
 B - the amulet "Azojim" {+Rage rElec Str+4 Dex-4 Slay+4, unknown}
   (You took it off a wight on level 8 of the Dungeon)

   [amulet of rage]

   It affects your strength (+4).
   It affects your dexterity (-4).
   It affects your accuracy and damage with ranged weapons and melee attacks
   (+4).
   It insulates you from electricity.
   It lets you go berserk.
Wands
 y - a wand of enslavement (15/24)
 C - a wand of lightning (0/15)
Scrolls
 k - 3 scrolls of fear
 n - 3 scrolls of fog
 p - 6 scrolls of teleportation
 q - 3 scrolls of immolation
 F - 3 scrolls of remove curse
 G - a scroll of amnesia
Potions
 b - a potion of agility {unknown}
 e - 4 potions of mutation
 f - a potion of might
 o - a potion of ambrosia {unknown}
 r - a potion of lignification
 t - 2 potions of berserk rage
 v - 4 potions of flight
 A - a potion of resistance
 E - 4 potions of curing
 I - a potion of brilliance {unknown}
Books
 w - a book of Cantrips

   Spells                             Type                      Level
   a - Confusing Touch                Hexes                        1
   b - Animate Skeleton               Necromancy                   1
   c - Summon Small Mammal            Summoning                    1
   d - Apportation                    Translocation                1
Comestibles
 d - 4 bread rations
 j - a meat ration
 x - 15 fruits
 z - 3 royal jellies


   Skills:
 - Level 1.7 Dodging
 - Level 1.7 Stealth
 * Level 11.5 Spellcasting
 * Level 12.1 Conjurations
   Level 1.0 Summonings
 - Level 0.8 Translocations


You had 13 spell levels left.
You knew the following spells:

 Your Spells              Type           Power        Failure   Level  Hunger
a - Magic Dart            Conj           ####         1%          1    None
b - Force Lance           Conj/Tloc      ######..     2%          4    None
c - Iskenderun's Mystic   Conj           ######..     1%          4    None
d - Mephitic Cloud        Conj/Pois/Air  #####...     1%          3    None
e - Blink                 Tloc           N/A          3%          2    None
f - Conjure Flame         Conj/Fire      ######..     1%          3    None
g - Dazzling Spray        Conj/Hex       ######       1%          3    None


Dungeon Overview and Level Annotations

Branches:
Dungeon (8/15)             Temple (1/1) D:5
   Lair: D:8-11

Altars:
Ashenzari
Cheibriados
Elyvilon
Fedhas
Gozag
Hepliaklqana
Kikubaaqudgha
Makhleb
Okawaru
Qazlal
Ru
Sif Muna
Trog
Uskayaw
Vehumet
Xom
Yredelemnul
Zin
The Shining One

Shops:
D:5 }   D:7 =


Innate Abilities, Weirdness & Mutations

((You have claws for hands.))
((You are partially covered in large bone plates. (SH +4)))
You regenerate a little health from kills.
You sometimes gain a little power by taking damage.


Message History

You feel sick.
The killer bee stings you but does no damage. x2
Casting: Magic Dart
Confirm with . or Enter, or press ? or * to list all spells.
Aiming: Magic Dart
Press: ? - help, Shift-Dir - straight line, f/p - killer bee
Aim: a killer bee (almost dead)
The magic dart hits the killer bee.
The killer bee is almost dead.
The killer bee stings you but does no damage. x2
Casting: Magic Dart
Confirm with . or Enter, or press ? or * to list all spells.
You don't have enough magic to cast that spell.
You closely miss the killer bee.
The killer bee is almost dead.
The killer bee stings you.
* * * LOW HITPOINT WARNING * * *
The killer bee stings you but does no damage.
The killer bee stings you.
You die...

#..................#######
###' #..........).......#
#. #..................# #.
#..................# #.
#..................# #.
##########........# #.
#........# #. ####y#####
### #. #♣# #.# #. #.# #.#
#. #.###########.# ##
#......)......#
#############.# #.####
#..... #.#### ###


You could see a killer bee.

Vanquished Creatures
  5 two-headed ogres
  Pikel (D:7)
  A queen bee (D:8)
  A hornet (D:7)
  A hippogriff (D:5)
  A wraith (D:7)
  A hungry ghost (D:7)
  Menkaure (D:4)
  Edmund (D:5)
  A water moccasin (D:6)
  A sky beast (D:7)
  A slave (D:7)
  A phantom (D:8)
  3 ice beasts
  2 necrophages (D:7)
  4 centaurs
  3 ogres
  2 big kobolds (D:8)
  4 bullfrogs
  A wyvern zombie (D:7)
  3 scorpions
  13 killer bees (D:8)
  A troll skeleton (D:7)
  3 jellies
  8 wights
  2 howler monkeys
  3 crimson imps
  4 hounds
  A quasit (D:6)
  2 orc priests
  A centaur skeleton (D:6)
  2 human zombies (D:7)
  A bullfrog skeleton (D:7)
  A human skeleton (D:7)
  Jessica (D:3)
  Ijyb (D:5)
  An iguana (D:6)
  5 worker ants
  5 orc wizards
  A hound skeleton (D:7)
  2 mummies (D:7)
  8 gnolls
  13 adders
  A shadow imp (D:6)
  2 oozes
  4 adder skeletons
  A worm (D:4)
  3 dart slugs
  3 leopard geckos
  19 orcs
  4 ball pythons
  7 giant cockroaches
  10 goblins
  9 hobgoblins
  13 jackals
  16 kobolds
  4 quokkas
  8 bats
  4 frilled lizards
  A jackal skeleton (D:6)
  An orc zombie (D:7)
  6 rats
234 creatures vanquished.

Vanquished Creatures (others)
  3 slaves (D:7)
  A necrophage (D:7)
  A wight (D:7)
  A human zombie (D:7)
6 creatures vanquished.

Grand Total: 240 creatures vanquished

Notes
Turn   | Place    | Note
-------+----------+-------------------------------------------
     0 | D:1      | Chiseanne the Demonspawn Wizard began the quest for the Orb.
     0 | D:1      | Reached XP level 1. HP: 13/13 MP: 4/4
   383 | D:1      | Gained mutation: You sometimes gain a little power by taking damage. [demonic ancestry]
   383 | D:1      | Reached XP level 2. HP: 19/19 MP: 1/6
   496 | D:1      | Reached skill level 2 in Conjurations
   919 | D:1      | Gained mutation: You are partially covered in large bone plates. (SH +4) [demonic ancestry]
   919 | D:1      | Reached XP level 3. HP: 24/24 MP: 5/7
  1493 | D:2      | Learned a level 2 spell: Blink
  1497 | D:2      | Learned a level 3 spell: Conjure Flame
  1501 | D:2      | Learned a level 3 spell: Mephitic Cloud
  1615 | D:2      | Found a hazy altar of Hepliaklqana.
  1758 | D:2      | Reached skill level 3 in Conjurations
  1758 | D:2      | Gained mutation: You regenerate a little health from kills. [demonic ancestry]
  1758 | D:2      | Reached XP level 4. HP: 30/30 MP: 5/9
  2382 | D:3      | Noticed Jessica
  2387 | D:3      | Killed Jessica
  2781 | D:3      | Reached XP level 5. HP: 35/35 MP: 3/11
  3362 | D:3      | Reached skill level 4 in Conjurations
  4087 | D:4      | Gained mutation: You have sharp fingernails. [demonic ancestry]
  4087 | D:4      | Reached XP level 6. HP: 14/41 MP: 0/13
  4570 | D:4      | Noticed Menkaure
  4586 | D:4      | Killed Menkaure
  4586 | D:4      | Reached skill level 5 in Spellcasting
  4586 | D:4      | Reached skill level 5 in Conjurations
  5141 | D:5      | Entered Level 5 of the Dungeon
  5184 | D:5      | HP: 1/41 [centaur/arrow (10)]
  5189 | D:5      | Reached XP level 7. HP: 2/46 MP: 3/15
  5511 | D:5      | Noticed Ijyb
  5519 | D:5      | Killed Ijyb
  5708 | D:5      | Reached skill level 6 in Conjurations
  5768 | D:5      | Found Vixas's Gadget Shop.
  6047 | D:5      | Found a staircase to the Ecumenical Temple.
  6072 | Temple   | Entered the Ecumenical Temple
  6206 | Temple   | Learned a level 4 spell: Force Lance
  6211 | Temple   | Learned a level 4 spell: Iskenderun's Mystic Blast
  6244 | Temple   | Became a worshipper of Vehumet
  6513 | D:5      | Noticed a hippogriff
  6519 | D:5      | Killed a hippogriff
  6519 | D:5      | Reached skill level 7 in Conjurations
  6519 | D:5      | Reached XP level 8. HP: 52/52 MP: 1/18
  6764 | D:5      | Noticed Edmund
  6786 | D:5      | Killed Edmund
  6966 | D:5      | Found a bloodstained altar of Trog.
  7217 | D:6      | Noticed a two-headed ogre
  7499 | D:6      | Found Zin's Purification Station.
  7578 | D:6      | Found a glowing silver altar of Zin.
  7580 | D:6      | Got a crude flail
  7584 | D:6      | Bought a potion of curing for 90 gold pieces
  7585 | D:6      | Identified the cursed +1 flail "Farean" {crush, rF+ Int+4} (You found it on level 6 of the Dungeon)
  7614 | D:6      | Reached skill level 8 in Conjurations
  7646 | D:6      | Learned a level 3 spell: Dazzling Spray
  7973 | D:6      | Killed a two-headed ogre
  7973 | D:6      | Reached XP level 9. HP: 57/57 MP: 0/21
  8214 | D:6      | Reached skill level 9 in Conjurations
  8480 | D:6      | Found a deep blue altar of Sif Muna.
  8956 | D:6      | Found a snail-covered altar of Cheibriados.
  9546 | D:7      | Reached * piety under Vehumet
  9546 | D:7      | Offered knowledge of Freeze by Vehumet.
  9848 | D:7      | Found a white marble altar of Elyvilon.
 10012 | D:7      | Found Jutef's Jewellery Boutique.
 10166 | D:7      | Reached skill level 10 in Conjurations
 10633 | D:7      | Found a glowing golden altar of the Shining One.
 10633 | D:7      | Found an iron altar of Okawaru.
 10704 | D:7      | Found a sacrificial altar of Ru.
 10898 | D:7      | Gained mutation: You have very sharp fingernails. [demonic ancestry]
 10898 | D:7      | Reached XP level 10. HP: 63/63 MP: 3/23
 10907 | D:7      | Noticed Pikel
 11381 | D:7      | Killed Pikel
 11381 | D:7      | Reached skill level 10 in Spellcasting
 11521 | D:7      | Found a basalt altar of Yredelemnul.
 11701 | D:8      | Noticed a two-headed ogre
 11719 | D:8      | Killed a two-headed ogre
 11838 | D:8      | Reached skill level 11 in Conjurations
 11895 | D:8      | Offered knowledge of Sandblast by Vehumet.
 11896 | D:8      | Noticed a two-headed ogre
 11928 | D:8      | Killed a two-headed ogre
 11928 | D:8      | Reached ** piety under Vehumet
 12151 | D:8      | Noticed a two-headed ogre
 12158 | D:8      | Killed a two-headed ogre
 12737 | D:8      | Found a hide-covered altar of Uskayaw.
 12795 | D:8      | Noticed a two-headed ogre
 12804 | D:8      | Killed a two-headed ogre
 12804 | D:8      | Gained mutation: You have claws for hands. [demonic ancestry]
 12804 | D:8      | Reached XP level 11. HP: 68/68 MP: 9/26
 13048 | D:8      | Reached skill level 12 in Conjurations
 13126 | D:8      | Offered knowledge of Inner Flame by Vehumet.
 13174 | D:8      | Got a sparkling graven amulet
 13320 | D:8      | HP: 3/102 [killer bee (3)]
 13320 | D:8      | Slain by a killer bee

Skill      XL: |  1  2  3  4  5  6  7  8  9 10 11 |
---------------+----------------------------------+-----
Conjurations   | 2 3 4 5 7 8 10 11 12 | 12.1
Spellcasting   | 4 5 6 8 9 11 | 11.5
Dodging        | |  1.7
Stealth        | |  1.7
Summonings     | |  1.0
Translocations | |  0.8

Action                   |  1- 3 |  4- 6 |  7- 9 | 10-12 || total
-------------------------+-------+-------+-------+-------++-------
Melee: Dagger            |    23 |       |       |       ||    23
       Short sword       |       |    16 |       |       ||    16
       Falchion          |       |    15 |    12 |       ||    27
       Flail             |       |       |     4 |    18 ||    22
Throw: Tomahawk          |       |       |       |    10 ||    10
 Cast: Magic Dart        |    77 |   170 |   290 |   155 ||   692
       Mephitic Cloud    |       |     2 |    14 |     6 ||    22
       Conjure Flame     |       |     1 |     7 |    17 ||    25
       Iskenderun's Myst |       |       |    29 |    28 ||    57
       Force Lance       |       |       |    16 |    11 ||    27
       Blink             |       |       |     1 |       ||     1
Evoke: Wand              |       |     3 |     6 |     1 ||    10
  Use: Scroll            |     8 |     4 |     5 |     3 ||    20
       Potion            |       |       |     1 |     2 ||     3
  Eat: Chunk             |     2 |    11 |    15 |     8 ||    36
       Fruit             |       |       |     2 |     1 ||     3
Armor: Robe              |    10 |    11 |    14 |     2 ||    37
       Skin              |       |       |       |    47 ||    47
Dodge: Dodged            |    22 |    45 |    27 |    21 ||   115
Block: Other             |     3 |    16 |    19 |     5 ||    43
       Rpst.: Falchion   |       |     6 |     3 |       ||     9
